 Dungeon Crawl Stone Soup version 0.27-a0-13-g87abb2d9eb (webtiles) character file.

Game seed: 18267119069453866779

651 tilp the Chopper (level 7, -2/60 HPs)
             Began as a Palentonga Abyssal Knight on Jan 2, 2021.
             Was a Priest of Lugonu.
             Slain by a hound (5 damage)
             ... on level 5 of the Dungeon.
             The game lasted 00:06:25 (4139 turns).

tilp the Chopper (Palentonga Abyssal Knight)        Turns: 4139, Time: 00:06:26

Health: -2/60      AC: 14    Str: 17    XL:     7   Next: 28%
Magic:  9/9        EV:  9    Int: 12    God:    Lugonu [***...]
Gold:   146        SH:  0    Dex: 10    Spells: 6/6 levels left

rFire    . . .     SeeInvis +   a - +1 hand axe
rCold    . . .     Faith    .   (no shield)
rNeg     . . .     Spirit   .   j - +0 ring mail
rPois    .         Reflect  .   (no helmet)
rElec    .         Harm     .   m - scarf {+Inv}
rCorr    .         Rampage  .   k - +0 pair of gloves
Will     .....                  (no barding)
Stlth    ..........             (no amulet)
HPRegen  0.20/turn              (no ring)
MPRegen  0.11/turn              (no ring)

@: curled up
A: large, rugged brown scales 3, see invisible, deformed body, roll 1, armoured
tail, reflexive curl
a: Rolling Charge, Renounce Religion, Evoke Invisibility, Depart the Abyss, Bend
Space, Banish


You were on level 5 of the Dungeon.
You worshipped Lugonu.
Lugonu was most pleased with you.
You visited 1 branch of the dungeon, and saw 5 of its levels.
You visited the Abyss 1 time.

You collected 146 gold pieces.

Inventory:

Hand Weapons
 a - a +1 hand axe (weapon)
Missiles
 d - 143 stones
 f - 31 poisoned darts (quivered)
Armour
 j - a +0 ring mail (worn)
 k - a +0 pair of gloves (worn)
 m - a scarf of invisibility (worn)
Wands
 o - a wand of random effects (9)
 q - a wand of iceblast (8)
 s - a wand of enslavement (4)
Scrolls
 c - a scroll of fear {unknown}
 g - a scroll of random uselessness {unknown}
 h - 2 scrolls of remove curse
 p - a scroll of amnesia {unknown}
 t - a scroll of teleportation {unknown}
Potions
 b - 3 potions of curing
 e - a potion of mutation
 i - a potion of lignification
 l - a potion of heal wounds
 n - a potion of haste {unknown}
 r - a potion of berserk rage {unknown}


   Skills:
 + Level 3.6 Fighting
 * Level 6.7 Axes
 - Level 2.0 Armour
 + Level 1.8 Dodging
 + Level 3.0 Invocations
 + Level 1.6 Evocations


You had 6 spell levels left.
You didn't know any spells.
Your spell library was empty.

Dungeon Overview and Level Annotations

Branches:
Dungeon (5/15)
 Temple: D:4-7

Altars:
Fedhas
Ru
The Shining One

Annotations:
D:1 fire vault
Abyss:1 Purgy


Innate Abilities, Weirdness & Mutations

You are completely covered in rugged brown scales. (AC +3, +7% HP)
You have supernaturally acute eyesight. (SInv)
Armour fits poorly on your strangely shaped body.
You can roll at nearby foes to attack.
You have a long armoured tail.
You curl defensively after being hit.


Message History

The orc wizard seems to speed up.
Your Invocations skill increases to level 3!
The hound bites you but does no damage.
The orc wizard gestures at you while chanting.
The magic dart hits you.
* * * LOW HITPOINT WARNING * * *
The hound bites you but does no damage. The hound bites you.
* * * LOW HITPOINT WARNING * * *
The hound completely misses you. The hound bites you.
* * * LOW HITPOINT WARNING * * *
The orc wizard casts a spell at you. The puff of frost hits you.
* * * LOW HITPOINT WARNING * * *
The orc wizard casts a spell.
The orc wizard seems to speed up.
The orc wizard mumbles some strange words.
The orc wizard blinks!
The hound bites you.
You die...

.## ... ######## .#
#......# # .#
#.##########......##.#
.#
#.#........@....>...?.
.#
#.#.########h.....###
.# #.#.# #......# # .#
#.#.# #......# .# ##
#.#.# #..o...####.#
######)#.######
###..g......#
......†.........
#..o......##
#######.........
#...$.$....#.
................
#............


You could see a hound, an orc wizard (fast), a gnoll and an orc.

Vanquished Creatures
  An ogre (D:5)
  2 scorpions
  A howler monkey (D:4)
  A hound (D:3)
  Jessica (D:2)
  Natasha (thrice) (D:3)
  An iguana (D:5)
  2 worker ants (D:4)
  A gnoll (D:1)
  6 adders
  3 worms
  A dart slug (D:1)
  3 leopard geckos
  An orc (D:3)
  4 ball pythons
  9 bats
  4 giant cockroaches
  3 goblins (D:1)
  6 hobgoblins
  2 jackals (D:1)
  8 kobolds
  6 frilled lizards
  15 rats
84 creatures vanquished.

Notes
Turn   | Place    | Note
-------+----------+-------------------------------------------
     0 | Abyss:1  | tilp the Palentonga Abyssal Knight began the quest for the
                  | Orb.
     0 | Abyss:1  | Reached XP level 1. HP: 20/20 MP: 2/2
    40 | Abyss:1  | Noticed a tormentor
    66 | Abyss:1  | Noticed a tentacled starspawn
    70 | D:1      | Escaped the Abyss
   135 | D:1      | Reached * piety under Lugonu
   405 | D:1      | Reached XP level 2. HP: 26/27 MP: 3/3
   488 | D:1      | Reached skill level 3 in Axes
   738 | D:1      | Reached XP level 3. HP: 33/33 MP: 4/4
  1621 | D:2      | Noticed Jessica
  1645 | D:2      | Killed Jessica
  1646 | D:2      | Reached skill level 4 in Axes
  1646 | D:2      | Reached XP level 4. HP: 4/40 MP: 5/5
  1664 | D:2      | Reached ** piety under Lugonu
  2152 | D:2      | Found a sacrificial altar of Ru.
  2252 | D:2      | Found a blossoming altar of Fedhas.
  2531 | D:2      | Reached skill level 5 in Axes
  2594 | D:3      | Noticed Natasha
  2598 | D:3      | Killed Natasha
  2599 | D:3      | Reached XP level 5. HP: 38/48 MP: 6/6
  2745 | D:3      | Noticed Natasha
  2756 | D:3      | Killed Natasha
  2796 | D:3      | Noticed Natasha
  2926 | D:3      | Killed Natasha
  3035 | D:3      | Found a glowing golden altar of the Shining One.
  3086 | D:3      | Reached skill level 6 in Axes
  3386 | D:3      | Reached skill level 1 in Dodging
  3396 | D:3      | Reached XP level 6. HP: 37/54 MP: 7/7
  3513 | D:4      | Reached *** piety under Lugonu
  3580 | D:4      | Noticed Purgy
  3581 | D:4      | Banished Purgy
  3742 | D:4      | Reached skill level 1 in Evocations
  4022 | D:5      | Entered Level 5 of the Dungeon
  4035 | D:5      | Gained mutation: You curl defensively after being hit.
                  | [Palentonga growth]
  4035 | D:5      | Reached XP level 7. HP: 60/60 MP: 9/9
  4137 | D:5      | HP: 2/60 [orc wizard/puff of frost (3)]
  4139 | D:5      | Slain by a hound

Illustrated notes

Levels and vault maps discovered:
D:1:      dpeg_arrival_prison, layout_basic, chequers_serial_rivers_room_b,
          kennysheep_decorative_pillar, lemuel_flame_loot_1
D:2:      layout_loops_cross, lemuel_crystal_altar, fedhas_altar_4, uniq_jessica
D:3:      layout_rooms, tso_metal_star, uniq_natasha
D:4:      layout_rooms, wad_floor_pattern_untrapped, uniq_purgy
D:5:      layout_basic, grunt_temple_overflow_diamond, uniq_sigmund

Skill      XL: |  1  2  3  4  5  6  7 |
---------------+----------------------+-----
Axes           | 3 4 5 6 |  6.7
Dodging        | 1 |  1.8
Armour         | 2 |  2.0
Evocations     | 1 |  1.6
Invocations    | 3 |  3.0
Fighting       | |  3.6

Action                   |  1- 3 |  4- 6 |  7- 9 || total
-------------------------+-------+-------+-------++-------
Melee: Hand axe          |    82 |   152 |    11 ||   245
       Tailslap          |     9 |    15 |     3 ||    27
Throw: Dart              |       |    19 |     3 ||    22
Invok: Depart the Abyss  |     1 |       |       ||     1
       Banish            |       |     1 |       ||     1
 Abil: Rolling Charge    |     8 |     7 |     1 ||    16
  Use: Scroll            |     3 |     3 |       ||     6
Armor: Leather armour    |    15 |       |       ||    15
       Ring mail         |     8 |    77 |     2 ||    87
Dodge: Dodged            |    39 |    65 |     5 ||   109

Table legend: (Time is in decaauts)
 A = Elapsed time spent in this place.
 B = Non-inter-level travel time spent in this place.
 C = Inter-level travel time spent in this place.
 D = Time resting spent in this place.
 E = Time spent auto-exploring this place.
 F = Levels seen in this place.
 G = Mean time per level.
                   A        B        C        D        E       F      G
               +--------+--------+--------+--------+--------+-----+--------+
         Total |   4184 |   3974 |    210 |    566 |   2762 |   6 |  697.3 |
       Dungeon |   4114 |   3904 |    210 |    566 |   2717 |   5 |  822.8 |
         Abyss |     70 |     70 |      0 |      0 |     45 |   1 |   70.0 |
               +--------+--------+--------+--------+--------+-----+--------+

Top non-repeatable levels by time:
     D:1: 1411 daAuts
     D:2: 1229 daAuts
     D:3: 805 daAuts
     D:4: 551 daAuts
     D:5: 116 daAuts
 Abyss:1: 70 daAuts
